 Dungeon Crawl Stone Soup version 0.27.0-1-g7a089689b8 (webtiles) character file.

Game seed: 3170078940841656146

3841 MajorAdolf the Cleaver (level 10, -1/88 HPs)
             Began as a Hill Orc Fighter on Aug 12, 2021.
             Was a High Priest of Okawaru.
             Slain by a catoblepas (12 damage)
             ... while petrified by a catoblepas
             ... on level 8 of the Dungeon.
             The game lasted 00:15:18 (10055 turns).

MajorAdolf the Cleaver (Hill Orc Fighter)          Turns: 10055, Time: 00:15:19

Health: -1/88      AC: 20    Str: 23    XL:     10   Next: 18%
Magic:  15/15      EV:  2    Int: 14    God:    Okawaru [*****.]
Gold:   200        SH:  0    Dex: 10    Spells: 9/9 levels left

rFire    . . .     SeeInvis .   a - +0 war axe
rCold    . . .     Faith    .   c - +0 kite shield
rNeg     + + +     Spirit   .   F - +0 plate armour
rPois    ∞         Reflect  .   r - +0 helmet
rElec    .         Harm     .   A - +0 cloak
rCorr    .         Rampage  .   (no gloves)
Will     .....                  e - +0 pair of boots
Stlth    ..........             k - amulet of the acrobat
HPRegen  0.24/turn              u - +6 ring of intelligence
MPRegen  0.14/turn              (no ring)

@: mighty, petrified, heroic
A: no striking features
a: Renounce Religion, Heroism, Finesse


You were on level 8 of the Dungeon.
You worshipped Okawaru.
Okawaru was extremely pleased with you.
You visited 2 branches of the dungeon, and saw 9 of its levels.

You collected 354 gold pieces.
You spent 154 gold pieces at shops.

Inventory:

Hand Weapons
 a - a +0 war axe (weapon)
Armour
 b - a +0 scale mail
 c - a +0 kite shield (worn)
 e - a +0 pair of boots (worn)
 r - a +0 helmet (worn)
 A - a +0 cloak (worn)
 D - the +0 leather armour of the Bull {rF++ Will+ Int+2}
   (You found it on level 7 of the Dungeon)

   Int:       It affects your intelligence (+2).
   rF:        It greatly protects you from fire.
   Will:      It increases your willpower.
 F - a +0 plate armour (worn)
Jewellery
 k - an amulet of the acrobat (around neck)
 u - a +6 ring of intelligence (left hand)
Wands
 j - a wand of iceblast (10)
 B - a wand of mindburst (8)
Scrolls
 q - 4 scrolls of fog
 t - a scroll of identify
 v - a scroll of enchant weapon {unknown}
 x - 2 scrolls of teleportation {unknown}
 y - a scroll of immolation {unknown}
 z - a scroll of enchant armour {unknown}
 E - a scroll of acquirement {unknown}
Potions
 f - 3 potions of magic
 g - a potion of haste {unknown}
 h - a potion of heal wounds {unknown}
 i - 4 potions of curing {unknown}
 l - 2 potions of flight {unknown}
 m - a potion of cancellation {unknown}
 n - a potion of brilliance {unknown}
 o - 2 potions of ambrosia {unknown}
 s - 2 potions of attraction {unknown}
 w - 2 potions of invisibility {unknown}
 C - a potion of lignification {unknown}


   Skills:
 + Level 7.9(12.9) Fighting
 + Level 8.7(13.7) Axes
 + Level 7.1(12.1) Armour
 - Level 0.1(5.1) Stealth
 + Level 7.3(12.3) Shields
 + Level 7.4 Invocations
 + Level 5.3 Evocations


You had 9 spell levels left.
You didn't know any spells.
Your spell library contained the following spells:

 Spells                   Type           Power      Damage    Failure   Level
 Passwall                 Tmut/Erth      0%         N/A       100%        2
 Call Canine Familiar     Summ           0%         N/A       100%        3
 Portal Projectile        Hex/Tloc       0%         N/A       100%        3
 Swiftness                Air            0%         N/A       100%        3
 Leda's Liquefaction      Hex/Erth       0%         N/A       100%        4
 Invisibility             Hex            0%         N/A       100%        6


Dungeon Overview and Level Annotations

Branches:
Dungeon (8/15)             Temple (1/1) D:6
   Lair: D:8-11

Altars:
Ashenzari
Elyvilon
Fedhas
Gozag
Kikubaaqudgha
Nemelex Xobeh
Okawaru
Qazlal
Ru
Trog
Uskayaw
Vehumet
Xom
Yredelemnul
Lugonu

Shops:
D:2 =   D:3 *   D:4 *   D:5 ?   D:6 **


Message History

You assume a fearsome visage.
The catoblepas resists with almost no effort.
Unknown command.
You feel very mighty all of a sudden. The catoblepas closely misses you.
Unknown command.
Unknown command.
You slash the catoblepas!
The catoblepas is lightly wounded.
The catoblepas breathes a plume of calcifying dust at you.
The blast of calcifying dust hits you but does no damage.
Unknown command.
You slash the catoblepas!
The catoblepas is moderately wounded.
You are engulfed in calcifying dust.
You are slowing down.
An orc comes into view. It is wielding a +0 club.
The orc shouts!
You hear two shouts!
The catoblepas completely misses you.
An orc comes into view. It is wielding a +0 mace.
The catoblepas completely misses you.
The orc moves out of view.
Your limbs are stiffening.
The orc shouts!
You hit the catoblepas.
The catoblepas is moderately wounded.
You hear a shout! x2
An orc wizard comes into view. It is wielding a +0 dagger.
The catoblepas gores you but does no damage.
The orc wizard moves out of view.
You have turned to stone.
The catoblepas gores you but does no damage.
The shadow imp is engulfed in calcifying dust.
The shadow imp is moving more slowly.
The shadow imp hits you but does no damage.
The catoblepas gores you but does no damage.
The shadow imp is engulfed in calcifying dust.
The shadow imp stops moving altogether!
The catoblepas gores you!
* * * LOW HITPOINT WARNING * * *
The catoblepas gores you!!
You die...

.. .
...............### .#
. ....#..........#
[#...#
#............###
#...#. .#Y........§.#
.Y... ....##.....###
.. ?.. ###.#....)#..≈≈
....#)####.#....)#.§..
.....†..[......Y5#.≈.≈
........#####...@# ≈≈.
....##### #..o.# ...
#....# .. #.#### . #o#
.o. .... ..


You could see a catoblepas, an orc wizard, a shadow imp (petrified) and an orc.

Vanquished Creatures
  A centaur warrior (D:8)
  A two-headed ogre (D:8)
  Sigmund (D:3)
  A steam dragon (D:7)
  An orc warrior (D:7)
  2 black bears
  3 ogres
  2 centaurs
  A phantom (D:4)
  A kobold brigand (D:7)
  2 bullfrogs (D:8)
  2 scorpions
  9 killer bees
  4 wights (D:6)
  2 centaur zombies (D:6)
  A hound (D:7)
  2 jellies
  A bullfrog skeleton (D:6)
  An orc priest (D:7)
  A centaur skeleton (D:5)
  4 iguanas
  Natasha (D:3)
  An orc wizard (D:5)
  A howler monkey zombie (D:7)
  9 gnolls
  8 adders
  A howler monkey skeleton (D:5)
  A white imp (D:7)
  An ufetubus (D:4)
  An adder skeleton (D:4)
  A worm (D:2)
  A dart slug (D:4)
  11 orcs
  6 ball pythons
  4 endoplasms
  5 giant cockroaches
  16 goblins
  10 hobgoblins
  4 jackals
  3 quokkas
  5 bats
  4 frilled lizards
  6 kobolds
  9 rats
152 creatures vanquished.

Notes
Turn   | Place    | Note
-------+----------+-------------------------------------------
     0 | D:1      | MajorAdolf the Hill Orc Fighter began the quest for the
                  | Orb.
     0 | D:1      | Reached XP level 1. HP: 19/19 MP: 1/1
   264 | D:1      | Reached XP level 2. HP: 27/27 MP: 2/2
   360 | D:1      | Found a faded altar of an unknown god.
   465 | D:1      | Became a worshipper of Warmaster Okawaru
   465 | D:1      | Reached * piety under Okawaru
   647 | D:1      | Reached skill level 3 in Axes
   647 | D:1      | Reached XP level 3. HP: 16/33 MP: 3/3
  1180 | D:1      | Reached skill level 1 in Invocations
  1180 | D:1      | Reached XP level 4. HP: 16/40 MP: 4/4
  1601 | D:2      | Reached skill level 4 in Axes
  1663 | D:2      | Noticed Sigmund
  1714 | D:2      | HP: 2/40 [Sigmund/puff of flame (4)]
  2563 | D:2      | Reached XP level 5. HP: 46/46 MP: 6/6
  2741 | D:2      | Found Lejis's Jewellery Shoppe.
  3237 | D:3      | Found a sacrificial altar of Ru.
  3406 | D:3      | Found Rolevvu's General Store.
  3440 | D:3      | Bought a wand of iceblast (10) for 154 gold pieces
  3664 | D:3      | Found a shimmering altar of Xom.
  3698 | D:3      | Killed Sigmund
  3698 | D:3      | Reached ** piety under Okawaru
  3699 | D:3      | Reached skill level 5 in Axes
  3699 | D:3      | Reached skill level 1 in Evocations
  3699 | D:3      | Reached XP level 6. HP: 21/53 MP: 5/8
  4164 | D:3      | Noticed Natasha
  4177 | D:3      | Killed Natasha
  4645 | D:4      | Noticed a black bear
  4659 | D:4      | Killed a black bear
  4660 | D:4      | Reached XP level 7. HP: 42/60 MP: 7/9
  4942 | D:4      | Reached skill level 5 in Fighting
  5200 | D:4      | Found Xecyluash's Assorted Antiques.
  5333 | D:4      | Found a white marble altar of Elyvilon.
  5369 | D:5      | Entered Level 5 of the Dungeon
  5369 | D:5      | Found Xad Mink's Magic Scroll Shop.
  5480 | D:5      | Reached skill level 5 in Shields
  5652 | D:4      | Reached *** piety under Okawaru
  5718 | D:5      | Reached skill level 6 in Axes
  5873 | D:5      | Reached skill level 5 in Armour
  5873 | D:5      | Reached XP level 8. HP: 59/69 MP: 11/11
  6330 | D:5      | Found a blossoming altar of Fedhas.
  6458 | D:6      | Found Xagudi's Specific Store.
  6459 | D:6      | Found Ereuqumemi's General Store.
  6670 | D:6      | Found a basalt altar of Yredelemnul.
  6921 | D:6      | Reached skill level 5 in Invocations
  6998 | D:6      | Found a staircase to the Ecumenical Temple.
  7916 | Temple   | Entered the Ecumenical Temple
  8175 | D:7      | Found a stormy altar of Qazlal.
  8436 | D:7      | Reached skill level 7 in Axes
  8436 | D:7      | Reached XP level 9. HP: 52/78 MP: 13/13
  9094 | D:7      | Reached **** piety under Okawaru
  9662 | D:7      | Identified the +0 leather armour of the Bull {rF++ Will+
                  | Int+2}
 10008 | D:8      | Noticed a two-headed ogre
 10020 | D:8      | Killed a two-headed ogre
 10020 | D:8      | Reached ***** piety under Okawaru
 10021 | D:8      | Reached skill level 8 in Axes
 10024 | D:8      | Noticed a catoblepas
 10026 | D:8      | Reached skill level 5 in Evocations
 10026 | D:8      | Noticed a centaur warrior
 10034 | D:8      | Noticed a boulder beetle
 10044 | D:8      | Killed a centaur warrior
 10044 | D:8      | Received a gift from Okawaru
 10045 | D:8      | Reached XP level 10. HP: 16/88 MP: 15/15
 10055 | D:8      | Slain by a catoblepas

Illustrated notes

Levels and vault maps discovered:
D:1:      lemuel_arrival_behind_the_door_large, layout_rooms,
          hellmonk_ecumenical_altar_pennies_from_heaven
D:2:      minmay_skewed_foursquare, layout_loops_corners, serial_shops,
          nicolae_shop_window_shopping, uniq_sigmund
D:3:      layout_loops_ring, nicolae_ru_awakened_eye,
          mainiacjoe_overflow_24_doors, serial_shops, shop_fountains,
          uniq_natasha
D:4:      layout_basic, nicolae_elyvilon_temple_path, serial_shops, shop,
          minmay_ogre_servants
D:5:      layout_cave_pools, kennysheep_mini_moat, serial_shops,
          nicolae_stop_n_shop_2
D:6:      layout_basic, mainiacjoe_overflow_catwalk, lemuel_temple_firewalk_b,
          gup_sewer_entry_glass, nicolae_specific_store
D:7:      layout_loops_ring, mainiacjoe_overflow_small_starburst
D:8:      cheibrodos_fzero, layout_rooms, cheibriados_altar_1,
          nicolae_dithmenos_through_a_glass_darkly, mainiacjoe_overflow_paths
Temple:   corrupted_temple

Skill      XL: |  1  2  3  4  5  6  7  8  9 |
---------------+----------------------------+-----
Axes           | 3 4 5 6 7 8 |  8.7
Fighting       | 4 5 6 7 |  7.9
Shields        | 4 5 6 7 |  7.3
Invocations    | 1 2 3 4 5 7 |  7.4
Armour         | 4 5 7 |  7.1
Evocations     | 1 2 3 5 |  5.3
Stealth        | |  0.1

Action                   |  1- 3 |  4- 6 |  7- 9 | 10-12 || total
-------------------------+-------+-------+-------+-------++-------
Melee: War axe           |    69 |   156 |   332 |     3 ||   560
Invok: Heroism           |       |     3 |     8 |       ||    11
  Use: Scroll            |       |     4 |     2 |     1 ||     7
       Potion            |       |     1 |       |     1 ||     2
Armor: Scale mail        |    33 |    68 |   149 |       ||   250
       Plate armour      |       |       |    30 |     5 ||    35
Dodge: Dodged            |    18 |    59 |   150 |     3 ||   230
Block: Kite shield       |    35 |    85 |   242 |       ||   362
